NCAA
ARIZONA STATE SUN DEVILS @ TEXAS CHRISTIAN HORNED FROGS
05/12/2023
 
TOP OF THE 1ST
Arizona State Sun Devils batting - Pitching for Texas Christian Horned Frogs : RHP Carl Henry
Pitching: RHP Carl Henry
Batting: LHB Derrick Simpson 0-0: Ball
1-0: Ground out 6-3 (Groundball, 6)
Batting: RHB Lance Rodríguez 0-0: Called Strike
0-1: Ball
1-1: Called Strike
1-2: Ball
2-2: Strikes out swinging
Batting: LHB Bill Frazier 0-0: Foul Ball, location: 2F
0-1: Foul Ball, location: 2F
0-2: Strikes out looking
Top of the 1st over - 0 run(s), 0 hit(s), 0 error(s), 0 left on base; Arizona State 0 - Texas Christian 0
BOTTOM OF THE 1ST
Texas Christian Horned Frogs batting - Pitching for Arizona State Sun Devils : LHP Pedro Castro
Pitching: LHP Pedro Castro
Batting: LHB Miguel Martínez 0-0: Ball
1-0: Ground out 1-3 (Groundball, 15S)
Batting: RHB Dave Anderson 0-0: Called Strike
0-1: Called Strike
0-2: Foul Ball, location: 2F
0-2: Foul Ball, location: 2F
0-2: Ball
1-2: Strikes out looking
Batting: RHB Brett Murphy 0-0: Ball
1-0: SOLO HOME RUN (Flyball, 7LD), Distance : 381 ft
Batting: LHB Brenton Carter 0-0: Called Strike
0-1: Ball
1-1: Foul Ball, location: 2F
1-2: SINGLE (Line Drive, 8LS)
Batting: RHB Greg Carpenter 0-0: Swinging Strike
0-1: Called Strike
0-2: Ball
1-2: Ball
2-2: Ground out 6-3 (Groundball, 6)
Bottom of the 1st over - 1 run(s), 2 hit(s), 0 error(s), 1 left on base; Arizona State 0 - Texas Christian 1
TOP OF THE 2ND
Arizona State Sun Devils batting - Pitching for Texas Christian Horned Frogs : RHP Carl Henry
Batting: RHB Larry Booth 0-0: Ball
1-0: Called Strike
1-1: Ball
2-1: Ball
3-1: Base on Balls
Batting: RHB Jeffrey Hicks 0-0: Ball
1-0: Ball
2-0: Grounds into double play, 5-4-3 (Groundball, 56)
Batting: RHB Tom Hicks 0-0: Ball
1-0: Ball
2-0: Swinging Strike
2-1: Foul Ball, location: 2F
2-2: Ball
3-2: Ground out 5-3 (Groundball, 5)
Top of the 2nd over - 0 run(s), 0 hit(s), 0 error(s), 0 left on base; Arizona State 0 - Texas Christian 1
BOTTOM OF THE 2ND
Texas Christian Horned Frogs batting - Pitching for Arizona State Sun Devils : LHP Pedro Castro
Batting: RHB Anthony Walsh 0-0: DOUBLE (Groundball, 5L)
Batting: RHB Cristo Souza 0-0: Ball
1-0: Foul Ball, location: 2F
1-1: Ball
2-1: Hit by Pitch
Batting: LHB Garrett Cabrera 0-0: Called Strike
0-1: Fly out, F9 (Flyball, 9LMF)
Batting: LHB Dave Green 0-0: Ball
1-0: Ball
2-0: Ball
3-0: Called Strike
3-1: Swinging Strike
3-2: Strikes out swinging
Batting: LHB Miguel Martínez 0-0: Fielders Choice at 2nd, U6 (Groundball, 6M)
Bottom of the 2nd over - 0 run(s), 1 hit(s), 0 error(s), 2 left on base; Arizona State 0 - Texas Christian 1
TOP OF THE 3RD
Arizona State Sun Devils batting - Pitching for Texas Christian Horned Frogs : RHP Carl Henry
Batting: RHB Michael Fisher 0-0: Called Strike
0-1: Ball
1-1: Ground out 5-3 (Groundball, 5S)
Batting: RHB Geoff Jackson 0-0: Called Strike
0-1: Ball
1-1: Swinging Strike
1-2: Ball
2-2: Foul Ball, location: 2F
2-2: Foul Ball, location: 2F
2-2: Strikes out looking
Batting: RHB Edison Olson 0-0: SINGLE (Groundball, 6MD)
Batting: LHB Derrick Simpson 0-0: Ball
1-0: Ground out 4-3 (Groundball, 4)
Top of the 3rd over - 0 run(s), 1 hit(s), 0 error(s), 1 left on base; Arizona State 0 - Texas Christian 1
BOTTOM OF THE 3RD
Texas Christian Horned Frogs batting - Pitching for Arizona State Sun Devils : LHP Pedro Castro
Batting: RHB Dave Anderson 0-0: Ball
1-0: Swinging Strike
1-1: Bunt missed!
1-2: Foul Ball, location: 2F
1-2: Strikes out swinging
Batting: RHB Brett Murphy 0-0: Foul Ball, location: 2F
0-1: Called Strike
0-2: Ground out 6-3 (Groundball, 6)
Batting: LHB Brenton Carter 0-0: Called Strike
0-1: Called Strike
0-2: Ball
1-2: Foul Ball, location: 2F
1-2: Foul Ball, location: 2F
1-2: Strikes out swinging
Bottom of the 3rd over - 0 run(s), 0 hit(s), 0 error(s), 0 left on base; Arizona State 0 - Texas Christian 1
TOP OF THE 4TH
Arizona State Sun Devils batting - Pitching for Texas Christian Horned Frogs : RHP Carl Henry
Batting: RHB Lance Rodríguez 0-0: Foul Ball, location: 2F
0-1: Ball
1-1: Called Strike
1-2: Foul Ball, location: 2F
1-2: Strikes out looking
Batting: LHB Bill Frazier 0-0: Called Strike
0-1: Called Strike
0-2: Strikes out swinging
Batting: RHB Larry Booth 0-0: Ball
1-0: Foul Ball, location: 2F
1-1: Ball
2-1: Ball
3-1: Foul Ball, location: 2F
3-2: Foul Ball, location: 2F
3-2: Strikes out swinging
Top of the 4th over - 0 run(s), 0 hit(s), 0 error(s), 0 left on base; Arizona State 0 - Texas Christian 1
BOTTOM OF THE 4TH
Texas Christian Horned Frogs batting - Pitching for Arizona State Sun Devils : LHP Pedro Castro
Batting: RHB Greg Carpenter 0-0: Fly out, F6 (Popup, 5)
Batting: RHB Anthony Walsh 0-0: Ball
1-0: Swinging Strike
1-1: Ball
2-1: Fly out, F4 (Line Drive, 4)
Batting: RHB Cristo Souza 0-0: Called Strike
0-1: Hit by Pitch
Batting: LHB Garrett Cabrera 0-0: Called Strike
0-1: Ball
1-1: Fly out, F7 (Flyball, 78M)
Bottom of the 4th over - 0 run(s), 0 hit(s), 0 error(s), 1 left on base; Arizona State 0 - Texas Christian 1
TOP OF THE 5TH
Arizona State Sun Devils batting - Pitching for Texas Christian Horned Frogs : RHP Carl Henry
Batting: RHB Jeffrey Hicks 0-0: Ball
1-0: Ball
2-0: Called Strike
2-1: Called Strike
2-2: Foul Ball, location: 2F
2-2: Ball
3-2: Strikes out looking
Batting: RHB Tom Hicks 0-0: Ball
1-0: Ball
2-0: Ball
3-0: Base on Balls
Batting: RHB Michael Fisher 0-0: Called Strike
0-1: Fielders Choice at 2nd, 4-6 (Groundball, 4)
Batting: RHB Geoff Jackson 0-0: Called Strike
0-1: Ball
1-1: Ground out 5-3 (Groundball, 56)
Top of the 5th over - 0 run(s), 0 hit(s), 0 error(s), 1 left on base; Arizona State 0 - Texas Christian 1
BOTTOM OF THE 5TH
Texas Christian Horned Frogs batting - Pitching for Arizona State Sun Devils : LHP Pedro Castro
Batting: LHB Dave Green 0-0: Ball
1-0: Fly out, F5 (Popup, 2L)
Batting: LHB Miguel Martínez 0-0: SINGLE (Line Drive, 4MD)
Batting: RHB Dave Anderson 0-0: Ball
1-0: SINGLE (Flyball, 9LS)
Miguel Martínez to second
Runner from 2nd tries for 3rd, SAFE, no throw or cutoff
Batting: RHB Brett Murphy Pickoff Throw to First - Out!
0-0: Called Strike
0-1: Fly out, F9 (Flyball, 89D)
Bottom of the 5th over - 0 run(s), 2 hit(s), 0 error(s), 1 left on base; Arizona State 0 - Texas Christian 1
TOP OF THE 6TH
Arizona State Sun Devils batting - Pitching for Texas Christian Horned Frogs : RHP Carl Henry
Batting: RHB Edison Olson 0-0: Called Strike
0-1: Ball
1-1: Swinging Strike
1-2: Strikes out swinging
Batting: LHB Derrick Simpson 0-0: Fly out, F6 (Popup, 6D)
Batting: RHB Lance Rodríguez 0-0: Ground out 5-3 (Groundball, 5S)
Top of the 6th over - 0 run(s), 0 hit(s), 0 error(s), 0 left on base; Arizona State 0 - Texas Christian 1
BOTTOM OF THE 6TH
Texas Christian Horned Frogs batting - Pitching for Arizona State Sun Devils : LHP Pedro Castro
Batting: LHB Brenton Carter 0-0: Called Strike
0-1: Fly out, F9 (Line Drive, 9M)
Batting: RHB Greg Carpenter 0-0: Called Strike
0-1: Foul Ball, location: 2F
0-2: Foul Ball, location: 2F
0-2: Ball
1-2: Ball
2-2: Strikes out swinging
Batting: RHB Anthony Walsh 0-0: Called Strike
0-1: Fly out, F4 (Popup, 4D)
Bottom of the 6th over - 0 run(s), 0 hit(s), 0 error(s), 0 left on base; Arizona State 0 - Texas Christian 1
TOP OF THE 7TH
Arizona State Sun Devils batting - Pitching for Texas Christian Horned Frogs : RHP Carl Henry
Batting: LHB Bill Frazier 0-0: Fly out, F9 (Flyball, 89M)
Batting: RHB Larry Booth 0-0: Foul Ball, location: 2F
0-1: Ball
1-1: SINGLE (Groundball, 34D)
Batting: RHB Jeffrey Hicks 0-0: Called Strike
0-1: Ball
1-1: Fielders Choice at 2nd, 4-6 (Groundball, 4)
Pitching: RHP Jeff Smith
Batting: RHB Tom Hicks 0-0: Ball
1-0: Ball
2-0: DOUBLE (Line Drive, 7LM)
Jeffrey Hicks to third
Batting: RHB Michael Fisher 0-0: Swinging Strike
0-1: Ball
1-1: Called Strike
1-2: Foul Ball, location: 2F
1-2: Strikes out swinging
Top of the 7th over - 0 run(s), 2 hit(s), 0 error(s), 2 left on base; Arizona State 0 - Texas Christian 1
BOTTOM OF THE 7TH
Texas Christian Horned Frogs batting - Pitching for Arizona State Sun Devils : LHP Pedro Castro
Batting: RHB Cristo Souza 0-0: Called Strike
0-1: Ground out 4-3 (Groundball, 4)
Batting: LHB Garrett Cabrera 0-0: Ball
1-0: Ball
2-0: Foul Ball, location: 2F
2-1: Ball
3-1: Base on Balls
Pitching: LHP Michael Clark
Batting: LHB Dave Green 0-0: Called Strike
0-1: Swinging Strike
0-2: Ball
1-2: Foul Ball, location: 2F
1-2: SINGLE (Line Drive, 89S)
Garrett Cabrera to second
Runner from 2nd tries for 3rd, SAFE, throw made to third
Batting: LHB Miguel Martínez 0-0: Called Strike
Squeeze bunt is on, Garrett Cabrera is out
0-2: Ball
1-2: SINGLE (Line Drive, 9LS)
Dave Green to second
Batting: RHB Dave Anderson 0-0: Ball
1-0: Called Strike
1-1: Swinging Strike
1-2: Ball
2-2: Ball
3-2: Foul Ball, location: 2F
3-2: Base on Balls
Dave Green to third
Miguel Martínez to second
Batting: RHB Brett Murphy 0-0: Ball
1-0: Foul Ball, location: 2F
1-1: Called Strike
1-2: Ball
2-2: Strikes out swinging
Bottom of the 7th over - 0 run(s), 2 hit(s), 0 error(s), 3 left on base; Arizona State 0 - Texas Christian 1
TOP OF THE 8TH
Arizona State Sun Devils batting - Pitching for Texas Christian Horned Frogs : RHP Jeff Smith
Batting: RHB Geoff Jackson 0-0: Fly out, F3 (Popup, 3F)
Batting: RHB Edison Olson 0-0: Called Strike
0-1: Ball
1-1: Ball
2-1: Called Strike
2-2: Foul Ball, location: 2F
2-2: Ball
3-2: Strikes out looking
Batting: LHB Derrick Simpson 0-0: Ground out 4-3 (Groundball, 4M)
Top of the 8th over - 0 run(s), 0 hit(s), 0 error(s), 0 left on base; Arizona State 0 - Texas Christian 1
BOTTOM OF THE 8TH
Texas Christian Horned Frogs batting - Pitching for Arizona State Sun Devils : LHP Michael Clark
Batting: LHB Brenton Carter 0-0: Ball
1-0: Foul Ball, location: 2F
1-1: Foul Ball, location: 2F
1-2: Ball
2-2: Fly out, F7 (Popup, 7LM)
Batting: RHB Greg Carpenter 0-0: Ball
1-0: Called Strike
1-1: Swinging Strike
1-2: SOLO HOME RUN (Flyball, 9LD), Distance : 343 ft
Batting: RHB Anthony Walsh 0-0: Ball
1-0: Called Strike
1-1: Ball
2-1: Called Strike
2-2: Foul Ball, location: 2F
2-2: Ball
3-2: Base on Balls
Batting: RHB Cristo Souza 0-0: Ball
1-0: Ball
2-0: Ball
3-0: Base on Balls
Anthony Walsh to second
Batting: LHB Garrett Cabrera 0-0: Ball
1-0: Fly out, F8 (Flyball, 8LM)
Batting: LHB Dave Green 0-0: Called Strike
0-1: Ball
1-1: Foul Ball, location: 2F
1-2: Ball
2-2: Ball
3-2: Base on Balls
Anthony Walsh to third
Cristo Souza to second
Batting: LHB Miguel Martínez 0-0: Ball
1-0: Ball
2-0: Foul Ball, location: 2F
2-1: Ball
3-1: Base on Balls
Anthony Walsh scores
Cristo Souza to third
Dave Green to second
Pitching: LHP Franklin Knapp
Batting: RHB Dave Anderson 0-0: Ball
1-0: Ball
2-0: Ball
3-0: Base on Balls
Cristo Souza scores
Dave Green to third
Miguel Martínez to second
Batting: RHB Brett Murphy 0-0: Called Strike
0-1: Ball
1-1: Ball
2-1: Foul Ball, location: 2F
2-2: SINGLE (Line Drive, 89S)
Dave Green scores
Miguel Martínez to third
Dave Anderson to second
Throwing error, E8
Miguel Martínez scores
Dave Anderson to third
Brett Murphy to second
Batting: LHB Brenton Carter 0-0: Called Strike
0-1: Ball
1-1: Ball
2-1: Fly out, F6 (Popup, 7LSF)
Bottom of the 8th over - 5 run(s), 2 hit(s), 1 error(s), 2 left on base; Arizona State 0 - Texas Christian 6
TOP OF THE 9TH
Arizona State Sun Devils batting - Pitching for Texas Christian Horned Frogs : RHP Jeff Smith
Now in LF: Brandon Bingham
Batting: RHB Lance Rodríguez 0-0: Ball
1-0: Ball
2-0: Called Strike
2-1: Foul Ball, location: 2F
2-2: Ball
3-2: Foul Ball, location: 2F
3-2: Foul Ball, location: 2F
3-2: Base on Balls
Batting: LHB Bill Frazier 0-0: Swinging Strike
0-1: 2-RUN HOME RUN (Flyball, 89XD), Distance : 419 ft
Batting: RHB Larry Booth 0-0: Ball
1-0: Foul Ball, location: 2F
1-1: Ball
2-1: Foul Ball, location: 2F
2-2: Fly out, F8 (Flyball, 8RM)
Batting: RHB Jeffrey Hicks 0-0: SINGLE (Line Drive, 9LS)
Batting: RHB Tom Hicks 0-0: Ball
1-0: Ball
2-0: Ball
3-0: Called Strike
3-1: SINGLE (Line Drive, 6MD)
Jeffrey Hicks to second
Pitching: LHP Pedro Guaderrama
Batting: RHB Michael Fisher 0-0: Fly out, F7 (Flyball, 8LM)
Batting: RHB Geoff Jackson 0-0: Called Strike
0-1: Ball
1-1: SINGLE (Line Drive, 34D)
Jeffrey Hicks to third
Tom Hicks to second
Batting: RHB Edison Olson 0-0: Called Strike
0-1: Foul Ball, location: 2F
0-2: Ball
1-2: Foul Ball, location: 2F
1-2: Strikes out swinging
Top of the 9th over - 2 run(s), 4 hit(s), 0 error(s), 3 left on base; Arizona State 2 - Texas Christian 6
This league is powered by Out of the Park Baseball, the baseball management simulation game for PC, Mac and Linux
Wednesday, December 2nd, 2015 - OOTP Baseball 16.8 Build 38